 Seeded DCSS version 0.31.0-32-g396128a36d (webtiles) character file.

Game seed: 15379564352485455377 (custom seed)

2074 timneilson the Slicer (level 9, 0/52 HPs)
             Began as a Kobold Enchanter on Mar 30, 2024.
             Slain by a hornet (8 damage)
             ... on level 7 of the Dungeon.
             The game lasted 00:15:38 (5820 turns).

timneilson the Slicer (Kobold Enchanter)            Turns: 5820, Time: 00:15:39

Health: 0/52       AC:  9    Str:  6    XL:     9   Next: 50%
Magic:  12/12      EV: 18    Int: 16    God:
Gold:   464        SH:  0    Dex: 19    Spells: 12/12 levels left

rFire   + . .        y - +3 dagger (drain)
rCold   . . .        (no shield)
rNeg    . . .        t - +3 leather armour {rF+}
rPois   +            d - +0 helmet
rElec   .            (no cloak)
rCorr   .            e - +0 pair of gloves
SInv    .            l - +0 pair of boots
Will    .....        (no amulet)
Stlth   +++++        h - ring of poison resistance
HPRegen 0.28/turn    q - +4 ring of slaying
MPRegen 0.13/turn

%: no passive effects
@: no status effects
A: small, no large weapons, nightstalker 3
a: no special abilities


You were on level 7 of the Dungeon.
You visited 2 branches of the dungeon, and saw 8 of its levels.

You collected 464 gold pieces.

Inventory:

Hand Weapons
 y - a +3 dagger of draining (weapon)
Missiles
 o - 22 poisoned darts (quivered)
Armour
 d - a +0 helmet (worn)
 e - a +0 pair of gloves (worn)
 l - a +0 pair of boots (worn)
 t - a +3 leather armour of fire resistance (worn)
 z - a +0 cloak
Jewellery
 h - a ring of poison resistance (left hand)
 i - a ring of flight
 q - a +4 ring of slaying (right hand)
 v - a ring of protection from cold
 x - a ring of wizardry
 B - a +6 ring of strength
Wands
 a - a wand of iceblast (10)
Scrolls
 m - a scroll of blinking
 p - a scroll of brand weapon
 r - 6 scrolls of teleportation
 u - a scroll of vulnerability
Potions
 c - a potion of invisibility
 f - a potion of magic
 g - a potion of haste {unknown}
 j - 4 potions of curing
 k - 3 potions of heal wounds
 n - a potion of berserk rage {unknown}
 s - 2 potions of enlightenment {unknown}
 w - a potion of attraction {unknown}


   Skills:
 + Level 4.7 Fighting
 * Level 8.3 Short Blades
 + Level 3.6 Armour
 * Level 7.9 Dodging
 + Level 7.4 Stealth
 - Level 2.1 Spellcasting
 - Level 3.0 Hexes


You had 12 spell levels left.
You didn't know any spells.
Your spell library contained the following spells:

 Spells                   Type           Power      Damage    Failure   Level
 Ensorcelled Hibernation  Hex/Ice        12%        N/A       26%         2
 Confusing Touch          Hex            11%        N/A       26%         3
 Tukima's Dance           Hex            11%        N/A       26%         3
 Shock                    Conj/Air       4%         1d3       30%         1
 Dazzling Flash           Conj/Hex       12%        N/A       45%         3
 Fugue of the Fallen      Necr           1%         N/A       67%         3
 Ozocubu's Armour         Ice            1%         N/A       67%         3
 Swiftness                Air            1%         N/A       67%         3
 Airstrike                Air            0%         2d(1-17)  97%         4
 Manifold Assault         Tloc           1%         N/A       97%         4


Dungeon Overview and Level Annotations

Branches:
Dungeon (7/15)             Temple (1/1) D:5

Altars:
Cheibriados
Gozag
Kikubaaqudgha
Makhleb
Okawaru
Qazlal
Ru
Sif Muna
Trog
Vehumet
Wu Jian
Yredelemnul

Shops:
D:4 (   D:5 *


Innate Abilities, Weirdness & Mutations

You are small and have problems with some larger weapons.
You are completely attuned to the shadows.


Message History

a +2 dagger of venom; 5 stones; a +0 cloak
z - a +0 cloak You stop putting on your armour.
Okay, then.
Throw: 22 darts (poison)
Press: ? - help, Q - select action, (/) - cycle Shift-Dir - straight line, f - hornet
Aim: a hornet (53% to hit)
Okay, then.
Throw: throwing net
Press: ? - help, Shift-Dir - straight line, f - hornet
Aim: a hornet (53% to hit)
You throw a throwing net. The throwing net hits the hornet.
The hornet is caught in the net!
The hornet struggles against the net. x2
The hornet struggles against the net.
The net rips apart, and the hornet comes free!
The hornet stings you but does no damage.
You completely miss the hornet. Your punch misses the hornet.
The hornet closely misses you.
You barely miss the hornet. The hornet stings you.
* * * LOW HITPOINT WARNING * * *
You miss the hornet. The hornet closely misses you.
You hit the hornet. You drain the hornet.
The hornet is moderately wounded.
The hornet closely misses you.
You closely miss the hornet.
The hornet is moderately wounded.
You completely miss the hornet.
The hornet is moderately wounded.
The hornet stings you.
* * * LOW HITPOINT WARNING * * *
You are lethally poisoned!
You completely miss the hornet.
The hornet is moderately wounded.
* * * LOW HITPOINT WARNING * * *
You feel sick. The hornet stings you.
* * * LOW HITPOINT WARNING * * *
Unknown command.
You feel better. The hornet barely misses you. The hornet stings you!
You die...

#.##.. .....#
....## ##...####
.## #........
...# #..#.###
.>...####>)#..##
............#..#
.....(#...#@##.#
...........y...#
.....######.####
....>.#####)#
......#.........
................
................
#...#.........z.
#####.......


You could see a hornet (drained).

Vanquished Creatures
  A cyclops (D:6)
  Grinder (D:3)
  A shadow (D:5)
  Eustachio (D:6)
  A water moccasin (D:5)
  A phantom (D:6)
  Blork the orc (D:5)
  2 scorpions
  A wight (D:7)
  A howler monkey (D:4)
  3 hounds
  3 jellies
  An orc priest (D:6)
  An iguana (D:4)
  3 sleepcaps
  2 orc wizards
  A gnoll (D:1)
  7 adders
  A white imp (D:5)
  4 dart slugs
  A ribbon worm (D:2)
  18 orcs
  7 endoplasms
  4 giant cockroaches
  7 hobgoblins
  9 jackals
  10 kobolds
  6 quokkas
  7 ball pythons
  5 bats
  3 frilled lizards
  14 goblins
  5 rats
133 creatures vanquished.

Vanquished Creatures (others)
  Maurice (D:7)
1 creature vanquished.

Grand Total: 134 creatures vanquished

Notes
Turn   | Place    | Note
-------+----------+-------------------------------------------
     0 | D:1      | timneilson the Kobold Enchanter began the quest for the
                  | Orb.
     0 | D:1      | Reached XP level 1. HP: 10/10 MP: 3/3
   263 | D:1      | Reached XP level 2. HP: 16/16 MP: 5/5
   328 | D:1      | Reached skill level 2 in Short Blades
   585 | D:1      | Reached XP level 3. HP: 20/20 MP: 6/6
   783 | D:1      | Reached skill level 1 in Fighting
  1204 | D:2      | Reached XP level 4. HP: 21/25 MP: 7/7
  1491 | D:2      | Reached skill level 3 in Short Blades
  1862 | D:3      | Reached skill level 1 in Armour
  2015 | D:3      | Reached XP level 5. HP: 29/29 MP: 8/8
  2103 | D:3      | Noticed Grinder
  2109 | D:3      | Killed Grinder
  2110 | D:3      | Reached skill level 4 in Short Blades
  2110 | D:3      | Reached skill level 5 in Stealth
  2110 | D:3      | Reached XP level 6. HP: 18/35 MP: 9/9
  2462 | D:3      | Found a faded altar of an unknown god.
  2667 | D:4      | Reached XP level 7. HP: 40/40 MP: 10/10
  2767 | D:4      | Reached skill level 5 in Short Blades
  2767 | D:4      | Reached skill level 5 in Dodging
  3131 | D:4      | Found Giumum's Antique Weapon Shoppe.
  3149 | D:4      | Found a basalt altar of Yredelemnul.
  3535 | D:5      | Entered Level 5 of the Dungeon
  3535 | D:5      | Noticed a shadow
  3557 | D:5      | Found a staircase to the Ecumenical Temple.
  3563 | Temple   | Entered the Ecumenical Temple
  3590 | D:5      | Noticed Blork the orc
  3594 | D:5      | Killed Blork the orc
  3636 | D:5      | Found a snail-covered altar of Cheibriados.
  3822 | D:5      | Killed a shadow
  3823 | D:5      | Reached skill level 6 in Short Blades
  3823 | D:5      | Reached XP level 8. HP: 14/46 MP: 11/11
  3992 | D:5      | Found Vawunak's General Store.
  4389 | D:6      | Noticed a cyclops
  4393 | D:6      | Killed a cyclops
  4394 | D:6      | Reached skill level 7 in Short Blades
  4439 | D:6      | Reached XP level 9. HP: 49/52 MP: 12/12
  5070 | D:6      | Noticed Eustachio
  5088 | D:6      | Killed Eustachio
  5106 | D:6      | Reached skill level 8 in Short Blades
  5795 | D:7      | Noticed Maurice
  5798 | D:7      | Something stole 234 gold
  5799 | D:7      | Something stole a +6 ring of strength
  5802 | D:7      | Something stole 217 gold
  5804 | D:7      | HP: 2/48 [something/iceblast (12)]
  5805 | D:7      | Killed Maurice
  5809 | D:7      | Noticed a hornet
  5820 | D:7      | Slain by a hornet

Illustrated notes

Levels and vault maps discovered:
D:1:      dpeg_arrival_round_c, layout_basic
D:2:      layout_rooms, serial_glass, glass_columns_a, glass_columns_b
D:3:      layout_loops_ring, hellmonk_ecumenical_altar_inner_sanctum,
          minivault_24, minmay_fractal_squares_diagonal_5, uniq_grinder
D:4:      layout_rooms, kennysheep_mini, serial_shops,
          nicolae_shop_just_a_little_nook, serial_rivers,
          chequers_serial_rivers_small_b, chequers_serial_rivers_room_b,
          chequers_serial_rivers_large_b, chequers_serial_rivers_room_a,
          chequers_serial_rivers_micro_e
D:5:      layout_basic, kennysheep_slug_shrine, minmay_temple_entry_arrows,
          serial_shops, nicolae_shop_trees, uniq_blork_the_orc
D:6:      layout_layer_cave, minmay_microvault, uniq_eustachio
D:7:      layout_rooms, mainiacjoe_overflow_catwalk, uniq_maggie, uniq_maurice
Temple:   hellmonk_temple_flake

Skill      XL: |  1  2  3  4  5  6  7  8  9 |
---------------+----------------------------+-----
Short Blades   | 2 3 4 6 7 8 |  8.3
Fighting       | 1 2 3 4 |  4.7
Dodging        | 3 4 5 6 7 |  7.9
Armour         | 1 2 3 |  3.6
Stealth        | 5 6 7 |  7.4
Spellcasting   | |  2.1
Hexes          | |  3.0

Action                     |  1- 3 |  4- 6 |  7- 9 || total
---------------------------+-------+-------+-------++-------
  Melee: Dagger            |    76 |    97 |   176 ||   349
         Punch             |       |       |     5 ||     5
  Throw: Dart              |       |       |     1 ||     1
         Throwing net      |       |       |     1 ||     1
    Use: Scroll            |     3 |     4 |     4 ||    11
         Potion            |     1 |       |     2 ||     3
   Stab: Sleeping          |    16 |    14 |    14 ||    44
         Distracted        |       |       |     2 ||     2
 Armour: Robe              |    19 |    19 |       ||    38
         Leather armour    |       |     7 |    66 ||    73
  Dodge: Dodged            |    42 |    45 |    79 ||   166
